[Event "Team 45 45 League T71"]
[Site "Internet Chess Club"]
[Date "2017.01.12"]
[Round "5"]
[White "chuckh2"]
[Black "JRussell2"]
[Result "1-0"]
[WhiteElo "1437"]
[BlackElo "1206"]
[Opening "Queen's pawn, Mason variation"]
[ECO "D00"]
[Time "17:00:43"]
[TimeControl "2700+45"]

1. d4 d5 2. Bf4 Nf6 3. e3 h6 4. Nf3 g5 5. Be5 Nbd7 6. Bg3 Ne4 7. Nbd2 Nxg3 8.
hxg3 Bg7 9. c3 Nf6 10. Ne5 Bg4 11. Nxg4 Nxg4 12. Qxg4 O-O 13. Bd3 e6 14. Nf3 f5
15. Qh5 g4 16. Ne5 c5 17. Kd2 cxd4 18. exd4 Rc8 19. Qh2 Rc7 20. Qg1 Qf6 21. f4
Qe7 22. Ng6 Qd6 23. Nxf8 Kxf8 24. Re1 Qb6 25. Kc2 Re7 26. Re2 Qa5 27. Kb1 Qb6
28. Qh2 a5 29. Rhe1 Kf7 30. Qh5+ Kf6 31. Qh4+ Kf7 32. Bxf5 Bf6 33. Qh5+ Kg7 34.
Qg6+ {Black resigns} 1-0

[Event "Team 45 45 League T71"]
[Site "Internet Chess Club"]
[Date "2017.01.11"]
[Round "5"]
[White "SeniorCitizen"]
[Black "BrerRabbit"]
[Result "1-0"]
[WhiteElo "1199"]
[BlackElo "1373"]
[Opening "Pirc: Ufimtsev-Pytel variation"]
[ECO "B07"]
[Time "15:02:26"]
[TimeControl "2700+45"]

1. e4 d6 2. d4 Nf6 3. Nc3 c6 4. Nf3 Bg4 5. h3 Bh5 6. g4 Bg6 7. Qe2 h6 8. Bf4 Qa5
9. O-O-O Nbd7 10. e5 Nd5 11. Nxd5 Qxd5 12. b3 Qe4 13. Qxe4 Bxe4 14. Bg2 d5 15.
Rhe1 e6 16. Rg1 Bb4 17. Nd2 Bg6 18. Nb1 b5 19. Kb2 O-O 20. c3 Be7 21. Bg3 c5 22.
h4 cxd4 23. cxd4 Rac8 24. Rc1 Nb6 25. Rxc8 Rxc8 26. Rc1 Rxc1 27. Kxc1 h5 28. g5
Bf5 29. Nc3 a6 30. Kb2 b4 31. Ne2 Na8 32. Nf4 Nc7 33. Ne2 Nb5 34. Bf4 Bd8 35.
Be3 Bb6 36. Bf3 Bg4 37. Bxg4 hxg4 38. Kc1 Kh7 39. h5 Bd8 40. Kd2 f5 41. Kd3 Bb6
42. g6+ Kg8 43. Nf4 Nc7 44. Bc1 Kf8 45. a4 a5 46. Ng2 Ne8 47. Ke3 Kg8 48. Nf4
Nc7 49. Ne2 Ne8 50. Kf4 Bd8 51. Kg3 Nc7 52. f3 gxf3 53. Kxf3 Ne8 54. Be3 Kf8 55.
Nc1 Nc7 56. Nd3 Be7 57. Nc5 Bxc5 58. dxc5 Ne8 59. Kf4 Ke7 60. c6 Kd8 61. Bb6+
Ke7 62. Bxa5 Kf8 63. Bxb4+ Kg8 64. Bd6 {Black resigns} 1-0

[Event "Team 45 45 League T71"]
[Site "Internet Chess Club"]
[Date "2017.01.15"]
[Round "5"]
[White "drsigmund1"]
[Black "rkjulianjr"]
[Result "1-0"]
[WhiteElo "1392"]
[BlackElo "1319"]
[Opening "Queen's pawn, Mason variation"]
[ECO "D00"]
[Time "13:03:27"]
[TimeControl "2700+45"]

1. d4 d5 2. Bf4 Nf6 3. e3 c5 4. c3 Qb6 5. Qb3 c4 6. Qc2 Bf5 7. Qxf5 e6 8. Qc2
Nc6 9. Nf3 Be7 10. Be2 O-O 11. Nbd2 a5 12. O-O a4 13. b4 cxb3 14. axb3 a3 15. b4
Rfc8 16. Qb3 Qa7 17. Ra2 Ne4 18. Rfa1 Nxc3 19. Qxc3 Bxb4 20. Qb3 Qa5 21. Nb1
Nxd4 22. Nxd4 Rc1+ 23. Bf1 Qa6 24. Ne2 Rac8 25. Qxb4 Rxf1+ 26. Kxf1 Rc1+ 27. Qe1
Qxe2+ 28. Kxe2 {Black resigns} 1-0

[Event "Team 45 45 League T71"]
[Site "Internet Chess Club"]
[Date "2017.01.17"]
[Round "5"]
[White "Toalla"]
[Black "dabodhi"]
[Result "1-0"]
[WhiteElo "1255"]
[BlackElo "1341"]
[Opening "French: Schlechter variation"]
[ECO "C01"]
[Time "15:02:41"]
[TimeControl "2700+45"]

1. e4 e6 2. d4 d5 3. Bd3 c5 4. c3 Nc6 5. Nf3 Qb6 6. O-O Bd7 7. exd5 exd5 8. Re1+
Be7 9. Bc2 Nf6 10. dxc5 Qxc5 11. Be3 Qd6 12. Nbd2 O-O 13. h3 Be6 14. Nd4 a6 15.
N2f3 Bd7 16. Nf5 Bxf5 17. Bxf5 Rfe8 18. Bc2 Bd8 19. a4 Bc7 20. Qe2 Ne5 21. Nxe5
Qxe5 22. g3 Re6 23. Qf3 Qd6 24. Bf4 Qc6 25. Bxc7 Qxc7 26. Rad1 Qc5 27. Kf1 Qc4+
28. Kg1 Rae8 29. Rxe6 Rxe6 30. Qd3 Qc5 31. Qd4 Qd6 32. Qd2 Re5 33. Re1 Qe6 34.
Rxe5 Qxe5 35. Qe3 Qe6 36. Kg2 Ne4 37. Bxe4 dxe4 38. Qf4 Qc8 39. g4 g6 40. Qxe4
Qc6 41. Qxc6 bxc6 42. Kf3 Kf8 43. Ke4 Ke7 44. f4 Ke6 45. Kd4 Kd6 46. b4 h6 47.
c4 f6 48. h4 g5 49. hxg5 hxg5 50. fxg5 fxg5 51. Ke4 Ke6 52. b5 cxb5 53. axb5
axb5 54. cxb5 Kd6 55. Kf5 Kc5 56. Kxg5 Kxb5 57. Kf5 Kc6 58. Kf6 Kd7 59. Kf7 Kd8
60. g5 Kd7 61. g6 {Black resigns} 1-0

[Event "Team 45 45 League T71"]
[Site "Internet Chess Club"]
[Date "2017.01.16"]
[Round "5"]
[White "Just-Jim"]
[Black "tasawyer81"]
[Result "1-0"]
[WhiteElo "1327"]
[BlackElo "1175"]
[Opening "Queen's pawn game"]
[ECO "D04"]
[Time "19:00:29"]
[TimeControl "2700+45"]

1. Nf3 d5 2. d4 Nf6 3. e3 Nc6 4. h3 Bf5 5. Bb5 e6 6. O-O Bd6 7. c3 O-O 8. Bxc6
bxc6 9. Re1 Qe7 10. Nbd2 c5 11. Ng5 Nd7 12. e4 Qxg5 13. exf5 Qxf5 14. Nf3 Nf6
15. dxc5 Bxc5 16. Re5 Qg6 17. Nh4 Bxf2+ 18. Kxf2 Ne4+ 19. Rxe4 Qxe4 20. Nf3 Rab8
21. b3 c5 22. Ba3 d4 23. Bxc5 Rfd8 24. Bxd4 Rd5 25. Kg1 Rc8 26. Rc1 Rcd8 27. Qf1
Rf5 28. Qc4 e5 29. Qc7 Ra8 30. Re1 Qc2 31. Bxe5 Qxa2 32. Qd7 g6 33. Qd6 Qxb3 34.
Nh4 Rxe5 35. Qxe5 Qb6+ 36. Kh1 a5 37. Qg3 a4 38. Nf5 a3 39. Nh6+ Kg7 40. Nf5+
Kf8 41. Qg5 gxf5 42. Qe7+ Kg7 43. Qe5+ Qf6 44. Qg3+ Qg6 45. Qf3 Ra5 46. c4 a2
47. Qc3+ {Black resigns} 1-0

[Event "Team 45 45 League T71"]
[Site "Internet Chess Club"]
[Date "2017.01.13"]
[Round "5"]
[White "WzeroMN"]
[Black "Xbug"]
[Result "0-1"]
[WhiteElo "1124"]
[BlackElo "1104"]
[Opening "Sicilian: Pelikan (Lasker/Sveshnikov) variation"]
[ECO "B33"]
[Time "16:32:10"]
[TimeControl "2700+45"]

1. e4 c5 2. Nf3 Nc6 3. d4 cxd4 4. Nxd4 Nf6 5. Nc3 e5 6. Nxc6 bxc6 7. Bg5 Be7 8.
Qd3 O-O 9. O-O-O h6 10. Bh4 Rb8 11. b3 Qa5 12. Qc4 Bb4 13. Qd3 Bxc3 14. Bxf6
Qa3+ {White resigns} 0-1

[Event "Team 45 45 League T71"]
[Site "Internet Chess Club"]
[Date "2017.01.16"]
[Round "5"]
[White "Electryon"]
[Black "yuanbao2007"]
[Result "1/2-1/2"]
[WhiteElo "1402"]
[BlackElo "1158"]
[Opening "English opening"]
[ECO "A20"]
[Time "16:30:18"]
[TimeControl "2700+45"]

1. c4 e5 2. g3 Nf6 3. Bg2 Bc5 4. e3 O-O 5. Ne2 Nc6 6. O-O d6 7. d4 Bb6 8. Nbc3
Bd7 9. a3 a5 10. b3 Ne7 11. dxe5 dxe5 12. Bb2 Qc8 13. Ne4 Nxe4 14. Bxe4 f6 15.
Nc3 Rd8 16. Nd5 Nxd5 17. Qxd5+ Be6 18. Qxb7 Qxb7 19. Bxb7 Rab8 20. Be4 Rd2 21.
Bc3 Rd7 {Game drawn by mutual agreement} 1/2-1/2

[Event "Team 45 45 League T71"]
[Site "Internet Chess Club"]
[Date "2017.01.12"]
[Round "5"]
[White "Uku"]
[Black "Aquaman"]
[Result "0-1"]
[WhiteElo "1257"]
[BlackElo "1355"]
[Opening "Sicilian: closed"]
[ECO "B23"]
[Time "16:59:53"]
[TimeControl "2700+45"]

1. e4 c5 2. Nc3 e6 3. Bc4 Nc6 4. d3 Nf6 5. Bg5 Be7 6. a3 O-O 7. Nf3 Qc7 8. Qd2
a6 9. Bf4 d6 10. O-O b5 11. Bb3 Bb7 12. Rfe1 Rad8 13. e5 dxe5 14. Nxe5 Nxe5 15.
Bxe5 Qc6 16. Qg5 h6 17. Qg3 Nh5 18. Qg4 Nf6 19. Qg3 Kh8 20. Ne4 Nh5 21. Qg4 f5
22. Qxh5 fxe4 23. Qg4 Bf6 24. Bxf6 Rxf6 25. Qxe4 Qc7 26. Qe3 Rg6 27. g3 Qc6 28.
f3 Rf6 29. Qe4 Qc8 30. Qg4 Bxf3 31. Qh3 Re8 32. Re3 Qc6 33. Rae1 Qd6 34. Bxe6
Rexe6 35. Rxe6 Rxe6 36. Rxe6 Qd4+ 37. Kf1 Bg4 38. Re8+ Kh7 39. Qh4 Qd7 40. Re4
Bf5 41. Qe7 Qd5 42. Qe5 Bxe4 43. Qxe4+ Qxe4 44. dxe4 Kg6 45. Kf2 Kf6 46. Kf3 Ke5
47. Ke3 g5 48. b3 a5 49. c4 bxc4 50. bxc4 h5 51. h4 gxh4 52. gxh4 a4 53. Kf3 Kd4
54. Kf4 Kxc4 55. e5 Kd5 56. Kf5 c4 57. Kf6 c3 58. e6 c2 59. e7 c1=Q 60. e8=Q
Qc3+ 61. Kg6 Qxa3 62. Qf7+ Kd4 63. Qf6+ Kc4 64. Qe6+ Kb4 65. Qd6+ Kb3 66. Qd3+
Kb4 67. Qb1+ Qb3 68. Qe1+ Qc3 69. Qe7+ Qc5 70. Qe1+ Kb5 71. Qb1+ Ka6 72. Qd3+
Qb5 73. Qa3 Qb3 74. Qd6+ Qb6 75. Qxb6+ Kxb6 76. Kxh5 a3 77. Kg6 a2 78. h5 a1=Q
79. h6 Qg1+ 80. Kh7 Kc6 81. Kh8 Kd6 82. h7 Qd4+ 83. Kg8 Qd5+ 84. Kg7 Qe5+ 85.
Kg8 Qe6+ 86. Kh8 Kd7 87. Kg7 Qe7+ 88. Kg8 Qe8+ 89. Kg7 Qe7+ 90. Kg8 Qg5+ 91. Kh8
Qf6+ 92. Kg8 Ke7 93. h8=Q Qf8+ 94. Kh7 Qf5+ 95. Kg8 Qf7# {White checkmated} 0-1

[Event "Team 45 45 League T71"]
[Site "Internet Chess Club"]
[Date "2017.01.16"]
[Round "5"]
[White "artspir"]
[Black "princevultan2"]
[Result "1/2-1/2"]
[WhiteElo "1187"]
[BlackElo "1266"]
[Opening "Queen's bishop game"]
[ECO "D02"]
[Time "12:00:49"]
[TimeControl "2700+45"]

1. d4 d5 2. Nf3 Nf6 3. Bf4 e6 4. h3 Bd6 5. Bh2 O-O 6. Nbd2 c5 7. c3 Nc6 8. e3 b6
9. Bd3 h6 10. O-O Re8 11. Ne5 Bb7 12. Ndf3 Qb8 13. Qd2 Rd8 14. Rfe1 Nd7 15. Bb5
Ncxe5 16. Bxd7 Rxd7 17. Bxe5 Bxe5 18. Nxe5 Rd8 19. a4 Ba6 20. Nc6 Qc7 21. Nxd8
Qxd8 22. Re2 Bxe2 23. Qxe2 Qd6 24. e4 Qf4 25. f3 Kf8 26. Re1 cxd4 27. exd5 exd5
28. Rd1 dxc3 29. bxc3 Qxa4 30. Rxd5 Qa1+ 31. Kh2 Qxc3 32. Rd7 Qc5 33. Qe4 Re8
34. Qh7 Qe5+ 35. Kg1 Qe3+ {Game drawn by mutual agreement} 1/2-1/2

[Event "Team 45 45 League T71"]
[Site "Internet Chess Club"]
[Date "2017.01.14"]
[Round "5"]
[White "carey69"]
[Black "RobertBuice"]
[Result "1/2-1/2"]
[WhiteElo "1020"]
[BlackElo "1069"]
[Opening "Four knights: Italian variation"]
[ECO "C47"]
[Time "21:00:33"]
[TimeControl "2700+45"]

1. e4 e5 2. Nf3 Nc6 3. Nc3 Nf6 4. Bc4 Qe7 5. Ng5 d5 6. exd5 Nxd5 7. Bxd5 Qxg5 8.
O-O Bh3 9. d4 Qg4 10. Qxg4 Bxg4 11. dxe5 O-O-O 12. Bxc6 bxc6 13. Bf4 Bb4 14. Ne4
Bf5 15. Ng5 Be6 16. Nxe6 fxe6 17. Bg5 Rd5 18. Bf4 Bc5 19. Rfe1 Rf8 20. Bg3 g5
21. h4 g4 22. Re2 Rfd8 23. Kh2 h5 24. f4 Rd2 25. Rxd2 Rxd2 26. Rc1 Be3 27. Be1
Rxg2+ 28. Kxg2 Bxc1 29. b3 Bxf4 30. Bc3 {Game drawn by mutual agreement} 1/2-1/2

[Event "Team 45 45 League T71"]
[Site "Internet Chess Club"]
[Date "2017.01.15"]
[Round "5"]
[White "Andaluz"]
[Black "mongmong"]
[Result "0-1"]
[WhiteElo "1300"]
[BlackElo "1513"]
[Opening "French defense"]
[ECO "C00"]
[Time "10:01:14"]
[TimeControl "2700+45"]

1. e4 e6 2. Nf3 Nf6 3. d3 d5 4. e5 Nfd7 5. d4 c5 6. c3 Nc6 7. Bb5 cxd4 8. cxd4
Qb6 9. Bxc6 bxc6 10. Nc3 a5 11. O-O Ba6 12. Re1 c5 13. Na4 Qb5 14. Nc3 Qd3 15.
Be3 Qxd1 16. Rexd1 cxd4 17. Bxd4 Bb4 18. Rac1 O-O 19. Na4 Rfc8 20. Nb6 Nxb6 21.
Bxb6 Be2 22. Rxc8+ Rxc8 23. Nd4 Bxd1 {White resigns} 0-1

[Event "Team 45 45 League T71"]
[Site "Internet Chess Club"]
[Date "2017.01.15"]
[Round "5"]
[White "PsyMar"]
[Black "olivermx"]
[Result "0-1"]
[WhiteElo "1371"]
[BlackElo "1305"]
[Opening "Vienna gambit"]
[ECO "C29"]
[Time "12:00:49"]
[TimeControl "2700+45"]

1. e4 e5 2. Nc3 Nf6 3. f4 d6 4. Nf3 Nc6 5. Bb5 Bd7 6. O-O Be7 7. d4 exd4 8. Nxd4
Nxd4 9. Bxd7+ Qxd7 10. Qxd4 O-O 11. Be3 b6 12. Rad1 Qc6 13. e5 Ng4 14. Nd5 Rfe8
15. Bc1 dxe5 16. fxe5 Bc5 17. Qxc5 Qxc5+ 18. Kh1 Rxe5 19. Nf4 Ne3 20. Nd3 Qxc2
21. Nxe5 Qxg2# {White checkmated} 0-1

[Event "Team 45 45 League T71"]
[Site "Internet Chess Club"]
[Date "2017.01.15"]
[Round "5"]
[White "SeniorCitizen"]
[Black "stantheman59"]
[Result "0-1"]
[WhiteElo "1187"]
[BlackElo "1251"]
[Opening "Sicilian"]
[ECO "B50"]
[Time "16:00:33"]
[TimeControl "2700+45"]

1. e4 c5 2. Nf3 d6 3. Nc3 g6 4. d4 cxd4 5. Nxd4 Bg7 6. Be2 Nf6 7. O-O O-O 8. Be3
a6 9. Qd2 Ng4 10. Bxg4 Bxg4 11. Bh6 Bxd4 12. Qxd4 e5 13. Qd2 Re8 14. Nd5 Be6 15.
Bg5 Qc8 16. Nf6+ Kg7 17. Nxe8+ Qxe8 18. Bh6+ Kg8 19. Qg5 Nd7 20. Qg3 Rc8 21. c3
Rc4 22. Rfe1 Nc5 23. Qg5 Nd7 24. Rad1 Rc6 25. a3 Bb3 26. Rd2 f6 27. Qg3 Kf7 28.
h4 Ke7 29. h5 Bf7 30. hxg6 Bxg6 31. f4 Nc5 32. f5 Bf7 33. Qg7 Qg8 34. Qxg8 Bxg8
35. Be3 Nxe4 36. Rd3 Bc4 37. Rdd1 Bb3 38. Rc1 Rc4 39. Kh2 d5 40. Rf1 d4 41. cxd4
exd4 42. Rxc4 Bxc4 43. Rc1 dxe3 44. Rxc4 Nd2 45. Rc3 Nf1+ 46. Kg1 e2 47. Rc1 Nd2
48. Kf2 Nb3 49. Rc7+ Kd6 50. Rc3 Nd4 51. Rc8 Ke5 52. Rc7 Ke4 53. Rxh7 Kxf5 54.
Rxb7 Ke4 55. Rb6 Kd3 56. Re6 Nxe6 {White resigns} 0-1

[Event "Team 45 45 League T71"]
[Site "Internet Chess Club"]
[Date "2017.01.16"]
[Round "5"]
[White "chips"]
[Black "oldbookseller"]
[Result "1-0"]
[WhiteElo "1212"]
[BlackElo "993"]
[Opening "Réti opening"]
[ECO "A04"]
[Time "10:30:23"]
[TimeControl "2700+45"]

1. Nf3 g6 2. d4 Bg7 3. e3 Nf6 4. a3 d5 5. c4 O-O 6. cxd5 Nxd5 7. Bc4 Be6 8. Ba2
Nd7 9. O-O N7f6 10. Nbd2 Bf5 11. Qb3 b6 12. Ne5 c5 13. Nef3 Be6 14. Qd1 Bf5 15.
Bb1 Qd7 16. Bxf5 Qxf5 17. Ne5 Ne4 18. Nef3 cxd4 19. exd4 Nf4 20. Nxe4 Qxe4 21.
Bxf4 Qxf4 22. Re1 Bf6 23. Qc1 Qd6 24. Rd1 Rfd8 25. Qc3 Rd7 26. Rac1 e6 27. Qe3
Rad8 28. Rc4 e5 29. Nxe5 Qe6 30. Nxd7 Qxd7 31. b4 b5 32. Rc5 Bxd4 33. Qd3 Bxf2+
34. Kxf2 Qe7 35. Rd5 Qf6+ 36. Kg1 Qb6+ 37. Rd4 Re8 38. Kh1 Qb8 39. Rd8 f5 40.
Qd5+ Kg7 41. Rxb8 {Black resigns} 1-0

[Event "Team 45 45 League T71"]
[Site "Internet Chess Club"]
[Date "2017.01.21"]
[Round "5"]
[White "Percival"]
[Black "roji"]
[Result "1-0"]
[WhiteElo "2015"]
[BlackElo "1925"]
[Opening "QGD Slav defense: exchange variation"]
[ECO "D13"]
[Time "07:00:38"]
[TimeControl "2700+45"]

1. d4 d5 2. c4 c6 3. cxd5 cxd5 4. Nf3 Nc6 5. Nc3 Nf6 6. Bf4 a6 7. e3 Bg4 8. Be2
e6 9. Rc1 Be7 10. O-O O-O 11. a3 Nh5 12. Bg3 Nxg3 13. hxg3 Bf6 14. Na4 Bf5 15.
Nc5 Qe7 16. Nxa6 Nxd4 17. Nxd4 Bxd4 18. Qxd4 bxa6 19. b4 Qd6 20. Rc5 Rfc8 21.
Rxc8+ Rxc8 22. Qa7 Qc6 23. Qxa6 Qxa6 24. Bxa6 Rc3 25. Ra1 e5 26. Bb7 d4 27. e4
Bd7 28. Ba6 Ba4 29. Kf1 Kf8 30. Ke1 Ke7 31. Be2 Kd6 32. Bd1 Bc6 33. f3 h5 34.
Kd2 g6 35. Bc2 Kc7 36. a4 Kb6 37. Bd3 Rb3 38. b5 Bd7 39. a5+ Kb7 40. b6 Bb5 41.
a6+ Bxa6 42. Bxa6+ Kxb6 43. Bd3 Rb2+ 44. Bc2 f5 45. exf5 gxf5 46. Rb1 Rxb1 47.
Bxb1 f4 48. gxf4 exf4 49. Kd3 Kc5 50. Ba2 h4 51. Bg8 {Black resigns} 1-0

[Event "Team 45 45 League T71"]
[Site "Internet Chess Club"]
[Date "2017.01.15"]
[Round "5"]
[White "ChessRooklift"]
[Black "LinceHispano44"]
[Result "1/2-1/2"]
[WhiteElo "1768"]
[BlackElo "1779"]
[Opening "French defense"]
[ECO "C00"]
[Time "14:00:28"]
[TimeControl "2700+0"]

1. e4 e6 2. Nc3 d5 3. exd5 exd5 4. d4 c6 5. Nf3 Bg4 6. Be2 Nf6 7. O-O Bd6 8. Bg5
O-O 9. Qd2 Nbd7 10. Rfe1 Qc7 11. h3 Bh5 12. Nh4 Bxe2 13. Rxe2 Rfe8 14. Rae1 Rxe2
15. Rxe2 h6 16. Be3 Re8 17. Nf5 {Game drawn by mutual agreement} 1/2-1/2

[Event "Team 45 45 League T71"]
[Site "Internet Chess Club"]
[Date "2017.01.15"]
[Round "5"]
[White "Rhel"]
[Black "justice02"]
[Result "1-0"]
[WhiteElo "1732"]
[BlackElo "1678"]
[Opening "Grünfeld: modern exchange variation"]
[ECO "D85"]
[Time "16:00:44"]
[TimeControl "2700+45"]

1. d4 Nf6 2. c4 g6 3. Nc3 d5 4. cxd5 Nxd5 5. e4 Nxc3 6. bxc3 Bg7 7. Nf3 c5 8.
Rb1 Qa5 9. Bd2 O-O 10. Be2 a6 11. Qb3 Nd7 12. O-O b5 13. a4 Qxa4 14. Qd5 Rb8 15.
Ra1 Qc2 16. Rfc1 e6 17. Qc6 Rb6 18. Qxb6 Qxc1+ 19. Rxc1 Nxb6 20. dxc5 Na4 21. c6
Nc5 22. Be1 Nxe4 23. c4 bxc4 24. Rxc4 f5 25. g3 Rd8 26. c7 Rd7 27. Bb4 g5 28.
Rc6 g4 29. Bc4 Rd1+ 30. Ne1 Bd4 31. Bxe6+ Bxe6 32. Rxe6 Rc1 33. Re8+ Kf7 34.
c8=Q Rxc8 35. Rxc8 Nxf2 36. Kf1 {Black resigns} 1-0

[Event "Team 45 45 League T71"]
[Site "Internet Chess Club"]
[Date "2017.01.17"]
[Round "5"]
[White "timothysmall56"]
[Black "KidRattler"]
[Result "1-0"]
[WhiteElo "1705"]
[BlackElo "1574"]
[Opening "Sicilian: Hungarian variation"]
[ECO "B27"]
[Time "18:45:48"]
[TimeControl "2700+45"]

1. e4 c5 2. Nf3 g6 3. d4 cxd4 4. Qxd4 f6 5. Bc4 Nc6 6. Qd1 Bg7 7. Bxg8 Rxg8 8.
Nc3 e6 9. Be3 Qa5 10. O-O b6 11. Qd6 Ba6 12. Rfd1 O-O-O 13. Nd4 Bf8 14. Nxc6
Bxd6 15. Nxa5 Be5 16. Nb3 Kb7 17. Bd4 Bxd4 18. Rxd4 e5 19. Rd6 Rgf8 20. Rad1 Kc7
21. Rxf6 Rxf6 22. Nd5+ Kb7 23. Nxf6 d6 24. Nxh7 Rc8 25. c3 d5 26. Rxd5 Bc4 27.
Rxe5 Rd8 28. Nd4 Bb5 29. f3 a5 30. Nf6 g5 31. Rxg5 a4 32. Rxb5 Ka6 33. Rd5 Rc8
34. a3 Rc7 35. h4 Rc8 36. h5 Rc7 37. h6 Rc8 38. h7 Rc4 39. h8=Q Rc7 40. Rd7 Ra7
41. Qc8+ Rb7 42. Qa8+ Ra7 43. Rxa7# {Black checkmated} 1-0

[Event "Team 45 45 League T71"]
[Site "Internet Chess Club"]
[Date "2017.01.15"]
[Round "5"]
[White "vael"]
[Black "alexping"]
[Result "1-0"]
[WhiteElo "1970"]
[BlackElo "1942"]
[Opening "Caro-Kann: closed (Breyer) variation"]
[ECO "B10"]
[Time "11:02:35"]
[TimeControl "2700+45"]

1. e4 c6 2. d3 d5 3. Nd2 e6 4. f4 Nf6 5. e5 Nfd7 6. g3 c5 7. Nh3 Nc6 8. Bg2 h5
9. c3 Qc7 10. Nf3 b5 11. Nhg5 Nb6 12. Be3 a5 13. Rc1 Ba6 14. Qe2 Rd8 15. b3 b4
16. c4 d4 17. Bd2 g6 18. Ne4 Be7 19. Nfg5 Rf8 20. Bh3 Bxg5 21. Nxg5 Bc8 22. Ne4
Nd7 23. Nd6+ Ke7 24. O-O f5 25. exf6+ Nxf6 26. Ne4 Nxe4 27. Qxe4 Kf7 28. Rce1
Rde8 29. Bg2 Bd7 30. f5 gxf5 31. Qh4 Rh8 32. Bf4 Qd8 33. Bg5 Qc7 34. Bf3 Reg8
35. Bxh5+ Rxh5 36. Qxh5+ Rg6 37. Re2 Kg7 38. Rf4 Qc8 39. Rh4 Qg8 40. Bh6+ Kf7
41. Bf4 Kf6 42. Bd6 e5 43. Qh8+ Qxh8 44. Rxh8 Kg7 45. Bxe5+ Nxe5 46. Rd8 Nf3+
47. Kf2 Bc6 48. Rc8 Ng5 49. Re7+ Nf7 50. Rcc7 Rf6 51. Rxf7+ Rxf7 52. Rxc6 a4 53.
Rxc5 axb3 54. axb3 Kf6 55. Kf3 Re7 56. Rb5 Re3+ 57. Kf4 Re2 58. Rxf5+ Kg6 59.
Rb5 Rxh2 60. Rxb4 {Black resigns} 1-0

[Event "Team 45 45 League T71"]
[Site "Internet Chess Club"]
[Date "2017.01.15"]
[Round "5"]
[White "bobhill"]
[Black "passedpawn"]
[Result "0-1"]
[WhiteElo "1849"]
[BlackElo "1885"]
[Opening "Queen's bishop game"]
[ECO "D02"]
[Time "19:05:31"]
[TimeControl "2700+45"]

1. d4 Nf6 2. Nf3 d5 3. Bf4 e6 4. e3 Bd6 5. Bxd6 Qxd6 6. Bd3 O-O 7. O-O c5 8. c3
Nc6 9. Nbd2 Re8 10. e4 dxe4 11. Nxe4 Nxe4 12. Bxe4 cxd4 13. Bxh7+ Kxh7 14. Ng5+
Kg8 15. Qh5 Qf4 16. Rfe1 dxc3 17. bxc3 e5 18. Re3 Bg4 19. Qh7+ Kf8 20. h4 Qf6
21. Rg3 Bf5 22. Qh5 Bg6 23. Qg4 Qf5 24. Qc4 Rad8 25. Rf3 Qd7 26. g4 f6 27. h5
Bf7 28. Nxf7 Qxf7 29. Qc5+ Qe7 30. Qe3 Rd6 31. h6 gxh6 32. Qxh6+ Qg7 33. Qh4 Ke7
34. Rh3 Rg8 35. f3 Rgd8 36. Qe1 Rh8 37. Rg3 Qh6 38. Kf1 Qh1+ 39. Ke2 Rh2+ 40.
Ke3 Qxe1+ 41. Rxe1 Rxa2 42. Rh3 Ke6 43. f4 exf4+ 44. Kxf4+ Ne5 45. Re4 Rf2+ 46.
Kg3 Rf3+ 47. Kh4 Rxh3+ 48. Kxh3 Rd3+ 49. Kh4 Rxc3 50. Ra4 a6 51. Ra1 Rc4 52. Rb1
Rxg4+ 53. Kh5 Rg5+ 54. Kh4 Rg4+ 55. Kh3 b5 56. Ra1 Ra4 57. Rc1 b4 58. Rc7 a5 59.
Rb7 Ra3+ 60. Kh2 b3 61. Kg3 a4 62. Kf4 Nd3+ 63. Ke3 Nc5 64. Rb6+ Ke5 65. Kd2
Ra2+ 66. Kc1 Nd3+ 67. Kb1 Nc5 68. Rb5 Kd5 69. Rb8 f5 70. Rd8+ Ke4 71. Re8+ Kf3
72. Re5 f4 73. Rxc5 Kf2 74. Rh5 f3 75. Kc1 Rc2+ 76. Kd1 Ke3 77. Re5+ Kd4 78. Ra5
Ra2 79. Kc1 f2 80. Rf5 Ke3 81. Kb1 Ke2 82. Re5+ Kf1 83. Kc1 Re2 84. Rd5 a3 85.
Kd1 Re1+ 86. Kd2 b2 87. Rh5 b1=Q {White resigns} 0-1

[Event "Team 45 45 League T71"]
[Site "Internet Chess Club"]
[Date "2017.01.16"]
[Round "5"]
[White "kaiclc"]
[Black "Beetlejuice"]
[Result "0-1"]
[WhiteElo "1305"]
[BlackElo "1783"]
[Opening "Sicilian: Taimanov variation"]
[ECO "B49"]
[Time "13:01:40"]
[TimeControl "2700+45"]

1. e4 c5 2. Nf3 e6 3. d4 cxd4 4. Nxd4 Nc6 5. Nc3 Qc7 6. Be3 a6 7. Be2 Nf6 8. O-O
Bb4 9. Bf3 O-O 10. a3 Be7 11. Kh1 Na5 12. g3 Nc4 13. Bc1 Nxa3 14. Qd3 Nc4 15.
Bg2 Rb8 16. f4 d6 17. f5 e5 18. Nde2 b5 19. Bg5 Nxb2 20. Qf3 Bb7 21. Bxf6 Bxf6
22. Nd5 Bxd5 23. exd5 Nc4 24. Rfd1 e4 25. Qxe4 Bxa1 26. Rxa1 Rfe8 27. Qd3 Re3
28. Qd1 Rbe8 29. Nd4 Qe7 30. Nc6 Re1+ 31. Bf1 Qe4+ 32. Kg1 Rxd1 33. Rxd1 Qxc2
34. Rd4 Re1 35. f6 gxf6 36. Rg4+ Kf8 37. Nd4 Rxf1+ 38. Kxf1 Qd1+ {White resigns}
0-1

[Event "Team 45 45 League T71"]
[Site "Internet Chess Club"]
[Date "2017.01.14"]
[Round "5"]
[White "ascoli"]
[Black "cayo89"]
[Result "1-0"]
[WhiteElo "1624"]
[BlackElo "1652"]
[Opening "Caro-Kann: two knights, 3...Bg4"]
[ECO "B11"]
[Time "08:01:42"]
[TimeControl "2700+45"]

1. e4 c6 2. Nc3 d5 3. Nf3 Bg4 4. h3 Bh5 5. d4 dxe4 6. Nxe4 Bxf3 7. Qxf3 Qxd4 8.
c3 Qd8 9. Bc4 e6 10. Bg5 Be7 11. Rd1 Qc7 12. Bf4 Qb6 13. Bd6 Nf6 14. Nxf6+ gxf6
15. O-O Nd7 16. Rfe1 Bxd6 17. Rxd6 O-O-O 18. b4 Qc7 19. Red1 Ne5 20. Bxe6+ fxe6
21. Qxf6 Nd7 22. Rxd7 Rxd7 23. Qxh8+ Rd8 24. Rxd8+ Qxd8 25. Qxh7 Qd1+ 26. Kh2
Qd6+ 27. g3 Qd2 28. Qh8+ Kd7 29. Qd4+ Qxd4 30. cxd4 b6 31. h4 c5 32. dxc5 bxc5
33. bxc5 {Black resigns} 1-0